 Dungeon Crawl Stone Soup version 0.30-a0-50-gb2d611f6b1 (webtiles) character file.

Game seed: 8429979255839773617

107 Destapler the Vexing (level 4, 0/34 HPs)
             Began as a Barachi Arcane Marksman on Sept 3, 2022.
             Was a Follower of Sif Muna.
             Slain by a worm (2 damage)
             ... on level 4 of the Dungeon.
             The game lasted 00:05:20 (1702 turns).

Destapler the Vexing (Barachi Arcane Marksman)      Turns: 1702, Time: 00:05:22

Health: 0/34       AC:  2    Str: 11    XL:     4   Next: 85%
Magic:  4/7        EV: 12    Int: 16    God:    Sif Muna [*.....]
Gold:   139        SH:  0    Dex: 12    Spells: 6/7 levels left

rFire   . . .      SeeInvis .    a - +1 sling
rCold   . . .      Faith    .    (no shield)
rNeg    . . .      Spirit   .    c - +0 robe
rPois   .          Reflect  .    (no helmet)
rElec   .          Harm     .    (no cloak)
rCorr   .          Rampage  .    (no gloves)
Will    .....                    (no boots)
Stlth   +.........               (no amulet)
HPRegen 0.11/turn                g - ring of wizardry
MPRegen 0.10/turn                (no ring)

@: brilliant, unable to hop, slow
A: amphibious, slowness 1, strong legs 1, +LOS
a: Hop, Renounce Religion, Channel Magic


You were on level 4 of the Dungeon.
You worshipped Sif Muna.
Sif Muna was aware of your devotion.
You visited 1 branch of the dungeon, and saw 3 of its levels.

You collected 139 gold pieces.

Inventory:

Hand Weapons
 a - a +1 sling (weapon)
Armour
 c - a +0 robe (worn)
 d - a +0 scale mail
Magical Staves
 n - a staff of cold
Jewellery
 g - a ring of wizardry (left hand)
Scrolls
 b - a scroll of poison
 f - a scroll of vulnerability {unknown}
 h - 2 scrolls of identify
 i - a scroll of silence {unknown}
 l - a scroll of enchant weapon {unknown}
Potions
 e - 2 potions of curing
 k - 2 potions of heal wounds {unknown}
 m - a potion of invisibility {unknown}
 o - 2 potions of berserk rage {unknown}


   Skills:
 + Level 2.5 Fighting
 + Level 2.8 Ranged Weapons
 + Level 3.0 Dodging
 + Level 2.1 Spellcasting
 + Level 3.9 Hexes


You had 6 spell levels left.
You knew the following spells:

 Your Spells              Type           Power      Damage    Failure   Level
a - Slow                  Hex            84%        N/A       1%          1

Your spell library contained the following spells:

 Spells                   Type           Power      Damage    Failure   Level
 Apportation              Tloc           4%         N/A       9%          1
 Magic Dart               Conj           8%         1d3       9%          1
 Necrotise                Necr           8%         1d4       9%          1
 Summon Small Mammal      Summ           8%         N/A       9%          1
 Inner Flame              Hex/Fire       12%        N/A       11%         3
 Portal Projectile        Hex/Tloc       24%        N/A       11%         3
 Searing Ray              Conj           4%         2d4       12%         2
 Cause Fear               Hex            10%        N/A       16%         4
 Ignite Poison            Fire/Tmut/Pois 2%         N/A       24%         3
 Mephitic Cloud           Conj/Pois/Air  2%         N/A       24%         3
 Fulminant Prism          Conj/Hex       6%         3d7       32%         4
 Freezing Cloud           Conj/Ice/Air   1%         6-21      89%         5


Dungeon Overview and Level Annotations

Branches:
Dungeon (2/15)

Altars:
Sif Muna

Shops:
D:1 ?((


Innate Abilities, Weirdness & Mutations

You are amphibious.
You cover ground slowly.
You can hop short distances.
You have an extended range of vision and can be seen from far away.


Message History

Aim: an orc priest, wielding a +0 hand axe (almost dead, 57% to hit)
You shoot a sling bullet. The sling bullet hits the orc priest.
You kill the orc priest!
Sif Muna accepts your kill.
Your Dodging skill increases to level 3!
Fire: a) +1 sling
Press: ? - help, Shift-Dir - straight line, f - worm
Aim: a worm (77% to hit)
You shoot a sling bullet.
The sling bullet barely misses the worm.
Something hits you.
* * * LOW HITPOINT WARNING * * *
Something hits you.
* * * LOW HITPOINT WARNING * * *
It was a potion of brilliance.
You feel clever all of a sudden. Something hits you but does no damage.
Casting: Slow (safe; 1% risk of failure)
Confirm with . or Enter, or press ? or * to list all spells.
Aiming: Slow (safe; 1% risk of failure)
Press: ? - help, Shift-Dir - straight line, p - worm You feel a surge of power!
Nothing appears to happen.
Fire: a) +1 sling
Press: ? - help, Shift-Dir - straight line You shoot a sling bullet.
You hear some strange, mumbled words.
A puff of flame appears from out of thin air!
The puff of flame misses you.
Fire: a) +1 sling
Press: ? - help, Shift-Dir - straight line You shoot a sling bullet.
Something hits you.
* * * LOW HITPOINT WARNING * * *
Fire: a) +1 sling
Press: ? - help, Shift-Dir - straight line You shoot a sling bullet.
Something hits you.
* * * LOW HITPOINT WARNING * * *
The worm bites you.
You die...

..................#
............!)....#
..................#
..................#
..................#
..................# #
...#..).......# ####.#
.. #.){w......# #... #
###@.#########.##
##............#
#.........##..#
#######.........'...#
#...............#...#
#.......)...######..#.#
#...........### #....#
######........# ####...
#.....#....# .#.


You could see a worm.

Vanquished Creatures
  An orc priest (D:4)
  5 adders
  2 worms (D:2)
  2 orcs (D:4)
  4 endoplasms
  3 giant cockroaches
  3 hobgoblins
  A ball python (D:1)
  A frilled lizard (D:1)
  4 kobolds
  2 rats (D:2)
28 creatures vanquished.

Notes
Turn   | Place    | Note
-------+----------+-------------------------------------------
     0 | D:1      | Destapler the Barachi Arcane Marksman began the quest for
                  | the Orb.
     0 | D:1      | Reached XP level 1. HP: 15/15 MP: 2/2
    90 | D:1      | Found Iblaq's Weapon Boutique.
   268 | D:1      | Found Qeuchaeng's Antique Weapon Shop.
   288 | D:1      | Found Othos's Magic Scroll Emporium.
   339 | D:1      | Reached XP level 2. HP: 21/21 MP: 3/3
   910 | D:2      | Found a faded altar of an unknown god.
   926 | D:2      | Prayed at the altar of an unknown god.
   926 | D:2      | Became a worshipper of Sif Muna the Loreminder
   926 | D:2      | Reached * piety under Sif Muna
   944 | D:2      | Reached XP level 3. HP: 20/27 MP: 5/5
  1401 | D:2      | Reached XP level 4. HP: 33/33 MP: 4/6
  1441 | D:2      | You fall into a shaft and drop 2 floors!
  1702 | D:4      | Slain by a worm

Illustrated notes

Levels and vault maps discovered:
D:1:      heliophobic_arrival_battle_scene, layout_rooms, serial_shops, shop,
          shop, nicolae_shop_window_shopping
D:2:      layout_loops_ring, basic_ecumenical_altar
D:4:      layout_basic, mainiacjoe_overflow_cross_hatched,
          minmay_temple_entry_waves, kennysheep_windowed_goal

Skill      XL: |  1  2  3  4 |
---------------+-------------+-----
Fighting       | 2 |  2.5
Spellcasting   | 2 |  2.1
Dodging        | 3 |  3.0
Ranged Weapons | |  2.8
Hexes          | |  3.9

Action                   |  1- 3 |  4- 6 || total
-------------------------+-------+-------++-------
 Fire: Sling             |    74 |    43 ||   117
 Cast: Slow              |     8 |     8 ||    16
 Abil: Hop               |       |     1 ||     1
  Use: Scroll            |     1 |     1 ||     2
       Potion            |       |     1 ||     1
Armor: Scale mail        |    25 |       ||    25
       Robe              |     1 |     4 ||     5
Dodge: Dodged            |    24 |    13 ||    37

Table legend: (Time is in decaauts)
 A = Elapsed time spent in this place.
 B = Non-inter-level travel time spent in this place.
 C = Inter-level travel time spent in this place.
 D = Time resting spent in this place.
 E = Time spent auto-exploring this place.
 F = Levels seen in this place.
 G = Mean time per level.
                   A        B        C        D        E       F      G
               +--------+--------+--------+--------+--------+-----+--------+
         Total |   1921 |   1890 |     31 |    158 |   1379 |   3 |  640.3 |
       Dungeon |   1921 |   1890 |     31 |    158 |   1379 |   3 |  640.3 |
               +--------+--------+--------+--------+--------+-----+--------+

Top non-repeatable levels by time:
     D:2: 1032 daAuts
     D:1: 610 daAuts
     D:4: 279 daAuts
